 Dungeon Crawl Stone Soup version 0.21.0-37-g46506fa (webtiles) character file.

79734 theElss the Bludgeoner (level 15, -1/104 HPs)
             Began as a Gargoyle Berserker on Jan 31, 2018.
             Was the Champion of Trog.
             Slain by an orc knight
             ... wielding a +2 dire flail of crushing
              (20 damage)
             ... on level 1 of the Orcish Mines.
             The game lasted 01:22:10 (23941 turns).

theElss the Bludgeoner (Gargoyle Berserker)        Turns: 23941, Time: 01:22:11

Health: -1/104     AC: 29    Str: 30    XL:     15   Next: 64%
Magic:  15/15      EV: 14    Int: 18    God:    Trog [******]
Gold:   1654       SH:  6    Dex:  7    Spells: 14/14 levels left

rFire    . . .     SeeInvis +   N - +5 morningstar of the Elven Halls {crush, Str+4}
rCold    + . .     Gourm    +   F - +2 buckler
rNeg     + . .     Faith    .   K - +0 chain mail "Yjare" {rC+ Int+6 Dex-2 Slay+2}
rPois    ∞         Spirit   .   b - +0 helmet {SInv}
rElec    +         Reflect  .   s - +0 cloak
rCorr    .         Harm     .   (no gloves)
MR       ++...                  a - +0 pair of boots
Stlth    ..........             T - amulet of the gourmand
HPRegen  0.27/turn              C - ring of protection from magic
MPRegen  0.14/turn              L - ring of Ympid {EV+3 Int+3 Slay+3}

@: berserk cooldown, flying, slowed, very slow
A: big wings, negative energy resistance 1, electricity resistance, unbreathing,
petrification resistance, rot immunity, AC +11
a: Stop Flying, Berserk, Trog's Hand, Brothers in Arms, Burn Spellbooks,
Renounce Religion


You were on level 1 of the Orcish Mines.
You worshipped Trog.
Trog was exalted by your worship.
You were completely stuffed.

You visited 3 branches of the dungeon, and saw 21 of its levels.
You also visited: Labyrinth and Volcano.

You collected 2128 gold pieces.
You spent 474 gold pieces at shops.

Inventory:

Hand Weapons
 g - the +9 eveningstar of Ogre's Death {crush, rPois rN+ Str-2 Int+2}
   (Trog gifted it to you on level 12 of the Dungeon)

   It inflicts extra damage upon your enemies.
   It affects your strength (-2).
   It affects your intelligence (+2).
   It protects you from poison.
   It protects you from negative energy.
 N - the +5 morningstar of the Elven Halls (weapon) {crush, Str+4}
   (Trog gifted it to you on level 6 of the Lair of Beasts)

   It inflicts extra damage upon your enemies.
   It affects your strength (+4).
Armour
 a - a +0 pair of boots (worn)
 b - a +0 helmet of see invisible (worn)
 s - a +0 cloak (worn)
 F - a +2 buckler (worn)
 K - the +0 chain mail "Yjare" (worn) {rC+ Int+6 Dex-2 Slay+2}
   (You found it on level 8 of the Dungeon)

   It affects your intelligence (+6).
   It affects your dexterity (-2).
   It affects your accuracy and damage with ranged weapons and melee attacks
   (+2).
   It protects you from cold.
Jewellery
 f - an uncursed ring of protection from fire
 i - an uncursed ring of protection from cold
 n - an uncursed ring of resist corrosion
 C - a ring of protection from magic (left hand)
 L - the ring of Ympid (right hand) {EV+3 Int+3 Slay+3}
   (You took it off a minotaur in a labyrinth)

   [ring of evasion]

   It affects your evasion (+3).
   It affects your intelligence (+3).
   It affects your accuracy and damage with ranged weapons and melee attacks
   (+3).
 R - an uncursed amulet of magic regeneration
 S - the ring "Dilaat" {rElec rN+ Str+7 Slay-6}
   (You found it in a labyrinth)

   [ring of positive energy]

   It affects your strength (+7).
   It affects your accuracy and damage with ranged weapons and melee attacks
   (-6).
   It insulates you from electricity.
   It protects you from negative energy.
 T - an amulet of the gourmand (around neck)
 X - an uncursed ring of stealth
Scrolls
 k - 3 scrolls of fear
 l - 10 scrolls of teleportation
 o - 6 scrolls of fog
 r - 13 scrolls of remove curse
 u - 4 scrolls of magic mapping
 Y - a scroll of silence
Potions
 e - 11 potions of curing
 j - a potion of invisibility
 m - 5 potions of brilliance
 p - a potion of haste {unknown}
 v - a potion of ambrosia {unknown}
 A - a potion of agility {unknown}
 B - a potion of cancellation
 H - 2 potions of mutation
 I - 2 potions of lignification
 P - a potion of heal wounds {unknown}
 V - 2 potions of might
Miscellaneous
 h - a lamp of fire
Comestibles
 c - 43 rations
 d - 4 chunks of flesh


   Skills:
 - Level 16.0 Fighting
 - Level 16.0 Maces & Flails
 + Level 15.0 Armour
 + Level 6.1 Dodging
 - Level 4.0 Shields


You had 14 spell levels left.
You didn't know any spells.

Dungeon Overview and Level Annotations

Branches:
Dungeon (13/15)            Temple (0/1) D:7            Lair (6/6) D:10
  Swamp (0/4) Lair:4        Snake (0/4) Lair:2        Slime (0/5) Lair:5
    Orc (2/2) D:10            Elf (0/3) Orc:2
 Vaults: D:13-14

Altars:
Ashenzari
Cheibriados
Dithmenos
Fedhas
Makhleb
Nemelex Xobeh
Okawaru
Ru
Sif Muna
Trog
Uskayaw
Xom
Yredelemnul
The Shining One
Beogh
Jiyva

Shops:
D:7 [[   D:9 ?   D:11 ?}}!!   D:12 [   D:13 ?   Orc:2 [?

Annotations:
Lair:1 exclusion: oklob plant


Innate Abilities, Weirdness & Mutations

You are resistant to torment.
Your stone body is resilient. (AC +11)
You are immune to poison.
Your large and strong wings let you fly indefinitely.
You resist negative energy. (rN+)
You are resistant to electric shocks. (rElec)
You can survive without breathing.
You are immune to petrification.
You are immune to rotting.


Message History

The orc priest looks encouraged for a moment.
An orc knight comes into view. It is wielding a great mace of venom.
Your skin stops crawling.
You feel less resistant to hostile enchantments.
The orc knight jeers repeatedly, as Orcs often do.
The orc knight roars a battlecry!
The orc knight goes into a battle-frenzy!
You hear a shout!
The orc knight hits you with a dire flail of crushing!
* * * LOW HITPOINT WARNING * * *
x2
There is an escape hatch in the ceiling here.
The orc knight hits you with a dire flail of crushing!
* * * LOW HITPOINT WARNING * * *
x2 A mysterious force pulls you upwards.
The hatch slams shut behind you.
You're still recovering from your berserk rage.
Unknown command.
You bludgeon the orc knight!!
The orc knight is moderately wounded.
The orc knight hits you with a dire flail of crushing!!
You die...

#.....## #..#.## ### ### ...###
###.## ##.##### ...# #....##
#...##.## #.### #.....##
#####..##...# #...####......#
#.##.......##
.....##.......####..........##
....###..........#....#......##
...##.....##....@....###......##
#........##......o....#........##
##......####.........###........#
#........###..........##........#
....#....#......#..............##
[..####........##............###
....#.#........###..........##
..>#.........### ##.......###
..###......#...###........#


You could see an orc knight.

Vanquished Creatures
  Gastronok (Lair:1)
  An orc warlord (Orc:1)
  The ghost of doot the Cruncher, a journeyman DrCK of Sif Muna (Orc:1)
  Nessos (Lair:6)
  Snorg (Lair:4)
  A minotaur (Lab)
  Erolcha (D:13)
  5 hydras
  3 two-headed ogres
  A dancing weapon (Volcano)
  8 death yaks
  2 orc high priests
  The ghost of Nicoed the Cleaver, a novice MiFi of Okawaru (D:8)
  An unseen horror (D:10)
  The ghost of loralnil the Covered, a novice GrFi of Makhleb (D:9)
  5 wizards (Volcano)
  2 orc knights (Orc:1)
  A deep elf mage (D:11)
  The ghost of loralnil the Shield-Bearer, a novice FoFi of Yredelemnul (D:5)
  6 orc sorcerers
  3 ugly things
  2 manticores
  2 cyclopes (D:12)
  12 elephants
  5 toenail golems (Volcano)
  3 black mambas
  5 torpor snails
  9 spiny frogs
  A rime drake (Lair:3)
  5 komodo dragons
  A queen bee (D:12)
  7 trolls
  2 polar bears
  2 meliai (D:12)
  4 tyrant leeches (Lair:4)
  6 hornets
  5 slime creatures (D:12)
  12 blink frogs
  4 dream sheep (Lair:6)
  15 hippogriffs
  A shadow (D:13)
  4 wraiths
  14 spriggans (Lair:6)
  5 wyverns
  15 yaks
  4 hogs (D:9)
  A human (D:9)
  A hungry ghost (D:10)
  A steam dragon (D:10)
  A basilisk (Lair:5)
  2 vampire mosquitoes (D:12)
  7 wargs (Orc:1)
  A swamp worm (Lair:4)
  3 nagas (Lair:2)
  11 water moccasins
  10 porcupines
  10 black bears
  An ice beast (D:10)
  26 orc warriors
  4 sky beasts
  5 necrophages
  2 phantoms
  12 ogres
  4 boggarts (Lair:6)
  26 wolves
  3 centaurs
  13 crocodiles
  2 big kobolds (D:10)
  Blork the orc (D:6)
  A gnoll sergeant (D:7)
  17 bullfrogs
  A water moccasin zombie (D:7)
  A wyvern skeleton (D:13)
  4 scorpions
  23 killer bees
  13 wights
  A howler monkey (D:12)
  4 jellies
  4 crimson imps
  3 centaur zombies
  3 quasits
  A bullfrog zombie (D:10)
  10 orc priests
  A centaur skeleton (D:9)
  5 hounds
  A gnoll shaman (D:10)
  23 orc wizards
  2 bullfrog skeletons
  Ijyb (D:3)
  6 iguanas
  Natasha (twice) (D:3 D:2)
  10 worker ants
  A killer bee zombie (D:7)
  2 hound skeletons
  2 hound zombies
  The ghost of p0werm0de the Skirmisher, a weakling VSCK of Xom (D:3)
  A worker ant zombie (D:10)
  10 adders
  7 gnolls
  A shadow imp (D:9)
  An ooze (D:7)
  2 adder skeletons
  2 adder zombies
  2 worms (D:2)
  2 dart slugs
  10 leopard geckos
  103 orcs
  A ball python (D:1)
  10 bats
  3 giant cockroaches
  8 goblins
  11 hobgoblins
  14 jackals
  17 kobolds
  4 quokkas
  3 frilled lizards
  A quokka skeleton (D:4)
  5 rats
  A bush (D:10)
  A fungus (Lair:3)
  A plant (D:10)
703 creatures vanquished.

Vanquished Creatures (collateral kills)
  A meliai (D:12)
  A crocodile (D:10)
2 creatures vanquished.

Vanquished Creatures (others)
  A bush (D:10)
  4 fungi
  10 plants
15 creatures vanquished.

Grand Total: 720 creatures vanquished

Notes
Turn   | Place    | Note
-------+----------+-------------------------------------------
     0 | D:1      | theElss the Gargoyle Berserker began the quest for the Orb.
     0 | D:1      | Reached XP level 1. HP: 14/14 MP: 1/1
   342 | D:1      | Reached XP level 2. HP: 14/19 MP: 2/2
  1078 | D:1      | Reached XP level 3. HP: 23/23 MP: 3/3
  1210 | D:2      | Found a basalt altar of Yredelemnul.
  1302 | D:2      | Reached ** piety under Trog
  1710 | D:2      | Reached XP level 4. HP: 21/28 MP: 4/4
  1899 | D:2      | Found a deep blue altar of Sif Muna.
  2229 | D:3      | Noticed Natasha
  2245 | D:3      | Killed Natasha
  2281 | D:3      | Noticed Natasha
  2283 | D:3      | Noticed p0werm0de's ghost (weakling VSCK)
  2293 | D:2      | Killed Natasha
  2293 | D:2      | Reached XP level 5. HP: 19/33 MP: 5/5
  2430 | D:3      | Killed p0werm0de's ghost
  2577 | D:3      | Reached *** piety under Trog
  2623 | D:3      | Found a shattered altar of Ashenzari.
  2873 | D:3      | Noticed Ijyb
  2905 | D:3      | Killed Ijyb
  2908 | D:3      | Reached XP level 6. HP: 38/38 MP: 6/6
  2932 | D:3      | Reached skill level 5 in Maces & Flails
  3171 | D:3      | Found a basalt altar of Yredelemnul.
  3360 | D:4      | Noticed a water moccasin
  3373 | D:4      | Killed a water moccasin
  3898 | D:4      | Reached skill level 1 in Shields
  3898 | D:4      | Reached XP level 7. HP: 43/43 MP: 7/7
  4654 | D:5      | Entered Level 5 of the Dungeon
  5092 | D:5      | Reached XP level 8. HP: 46/48 MP: 8/8
  5274 | D:5      | Found an iron altar of Okawaru.
  5274 | D:5      | Found a glowing golden altar of the Shining One.
  5279 | D:5      | Found a burning altar of Makhleb.
  5281 | D:5      | Found a snail-covered altar of Cheibriados.
  5283 | D:5      | Found a faded altar of an unknown god.
  5328 | D:5      | Noticed loralnil's ghost (novice FoFi)
  5352 | D:5      | Killed loralnil's ghost
  5479 | D:5      | Reached **** piety under Trog
  5756 | D:6      | Noticed Blork the orc
  5765 | D:6      | Killed Blork the orc
  5850 | D:6      | Reached XP level 9. HP: 51/52 MP: 9/9
  5901 | D:6      | Found a shimmering altar of Xom.
  6043 | D:6      | Reached skill level 10 in Maces & Flails
  6048 | D:6      | Found a shadowy altar of Dithmenos.
  6743 | D:7      | Found Duthu's Antique Armour Shoppe.
  6746 | D:7      | Bought a glowing helmet for 180 gold pieces
  6784 | D:7      | Found Guopteha's Armour Shoppe.
  6831 | D:7      | Found a blossoming altar of Fedhas.
  6987 | D:7      | Found a staircase to the Ecumenical Temple.
  7088 | D:7      | Found a sparkling altar of Nemelex Xobeh.
  7589 | D:8      | Reached XP level 10. HP: 45/56 MP: 10/10
  7673 | D:8      | Reached ***** piety under Trog
  7724 | D:8      | Noticed Nicoed's ghost (novice MiFi)
  7891 | D:8      | Killed Nicoed's ghost
  8278 | D:8      | Got a transparent chain mail
  8289 | D:8      | Identified the cursed +0 chain mail "Yjare" {rC+ Int+6 Dex-2 Slay+2} (You found it on level 8 of the Dungeon)
  8561 | D:9      | Received a gift from Trog
  8723 | D:9      | Found a hide-covered altar of Uskayaw.
  8723 | D:9      | Found a sacrificial altar of Ru.
  8767 | D:9      | Noticed loralnil's ghost (novice GrFi)
  8778 | D:9      | Killed loralnil's ghost
  8814 | D:9      | Found Hujoec's Magic Scroll Shoppe.
  8866 | D:9      | Bought a scroll of immolation for 49 gold pieces
  8866 | D:9      | Bought a scroll of amnesia for 49 gold pieces
  8866 | D:9      | Bought a scroll of magic mapping for 49 gold pieces
  8866 | D:9      | Bought a scroll of random uselessness for 14 gold pieces
  9066 | D:9      | Noticed a two-headed ogre
  9078 | D:9      | Found a sparkling altar of Nemelex Xobeh.
  9082 | D:9      | Reached XP level 11. HP: 49/61 MP: 11/11
  9099 | D:9      | Killed a two-headed ogre
  9099 | D:9      | Reached skill level 15 in Maces & Flails
  9276 | D:9      | Received a gift from Trog
  9399 | D:10     | Entered Level 10 of the Dungeon
 10030 | D:10     | Found a staircase to the Lair.
 10034 | D:10     | Noticed an unseen horror
 10061 | D:10     | Killed an unseen horror
 10348 | D:10     | Found a staircase to the Orcish Mines.
 10411 | D:10     | Found a blossoming altar of Fedhas.
 10428 | D:10     | Found a roughly hewn altar of Beogh.
 10447 | D:10     | Reached skill level 5 in Fighting
 10461 | D:10     | Reached skill level 5 in Armour
 10782 | D:11     | Found Xemiusk's Gadget Shop.
 10782 | D:11     | Noticed a white ugly thing
 10785 | D:11     | Noticed a red ugly thing
 10800 | D:10     | Killed a red ugly thing
 10992 | D:11     | Found Buakiav's Distillery.
 10997 | D:11     | Bought a potion of curing for 45 gold pieces
 10997 | D:11     | Bought a potion of degeneration for 15 gold pieces
 11007 | D:11     | Found Vylok's Distillery.
 11012 | D:11     | Noticed a deep elf mage
 11031 | D:11     | Killed a deep elf mage
 11031 | D:11     | Received a gift from Trog
 11201 | D:11     | Noticed a manticore
 11207 | D:11     | Killed a manticore
 11207 | D:11     | Reached XP level 12. HP: 46/70 MP: 12/12
 11292 | D:11     | Found Eruengy's Gadget Shop.
 11307 | D:11     | Bought a potion of flight for 39 gold pieces
 11476 | D:11     | Noticed a two-headed ogre
 11496 | D:11     | Killed a two-headed ogre
 11776 | D:11     | Found Othoac's Magic Scroll Shoppe.
 11784 | D:11     | Bought 2 scrolls of noise for 34 gold pieces
 12003 | D:12     | Noticed an eight-headed hydra
 12011 | D:12     | Killed an eight-headed hydra
 12541 | D:12     | Noticed an eight-headed hydra
 12561 | D:12     | Killed an eight-headed hydra
 13221 | D:12     | Found Xeag's Armour Boutique.
 13819 | D:12     | Received a gift from Trog
 13829 | D:12     | Got a bloodstained eveningstar {god gift}
 13830 | D:12     | Identified the +9 eveningstar of Ogre's Death {crush, rPois rN+ Str-2 Int+2} (Trog gifted it to you on level 12 of the Dungeon)
 13870 | D:13     | Noticed Erolcha
 13886 | D:13     | Killed Erolcha
 13886 | D:13     | Reached XP level 13. HP: 58/82 MP: 13/13
 13912 | D:13     | Found a labyrinth entrance.
 13928 | Lab      | Entered a labyrinth
 14935 | Lab      | Noticed a minotaur
 14940 | Lab      | Killed a minotaur
 14940 | Lab      | Reached skill level 10 in Fighting
 14940 | Lab      | Reached skill level 10 in Armour
 14942 | Lab      | Got a scintillating platinum ring
 14954 | Lab      | Got a translucent brass ring
 15755 | D:13     | Found Ralul's Magic Scroll Boutique.
 16100 | Lair:1   | Entered Level 1 of the Lair of Beasts
 16379 | Lair:1   | Identified the ring of Ympid {EV+3 Int+3 Slay+3} (You took it off a minotaur in a labyrinth)
 16381 | Lair:1   | Identified the ring "Dilaat" {rElec rN+ Str+7 Slay-6} (You found it in a labyrinth)
 16390 | Lair:1   | Noticed Gastronok
 16402 | Lair:1   | Killed Gastronok
 17096 | Lair:2   | Found a staircase to the Snake Pit.
 17405 | Lair:2   | Found a dark tunnel.
 17421 | Volcano  | Entered a volcano
 17560 | Volcano  | Paralysed by a wizard for 3 turns
 17573 | Volcano  | Paralysed by a wizard for 3 turns
 17678 | Volcano  | Reached skill level 5 in Dodging
 17678 | Volcano  | Gained mutation: Your large and strong wings let you fly indefinitely. [Gargoyle growth]
 17678 | Volcano  | Reached XP level 14. HP: 92/92 MP: 14/14
 17778 | Volcano  | Identified a scroll of acquirement
 18183 | Lair:3   | Reached ****** piety under Trog
 18193 | Lair:3   | Received a gift from Trog
 18933 | Lair:4   | Noticed Snorg
 18941 | Lair:4   | Killed Snorg
 19318 | Lair:4   | Found a staircase to the Swamp.
 20002 | Lair:5   | Found a snail-covered altar of Cheibriados.
 20703 | Lair:5   | Found a staircase to the Slime Pits.
 20703 | Lair:5   | Found a viscous altar of Jiyva.
 20863 | Lair:6   | Entered Level 6 of the Lair of Beasts
 21336 | Lair:6   | Received a gift from Trog
 21339 | Lair:6   | Got an encrusted morningstar {god gift}
 21340 | Lair:6   | Identified the +5 morningstar of the Elven Halls {crush, Str+4} (Trog gifted it to you on level 6 of the Lair of Beasts)
 21379 | Lair:6   | Reached XP level 15. HP: 90/101 MP: 15/15
 21478 | Lair:6   | Noticed Nessos
 21493 | Lair:6   | Killed Nessos
 21493 | Lair:6   | Reached skill level 15 in Fighting
 22557 | Orc:1    | Entered Level 1 of the Orcish Mines
 22557 | Orc:1    | Noticed an orc warlord
 22583 | Orc:1    | Killed an orc warlord
 22621 | Orc:1    | Noticed doot's ghost (journeyman DrCK)
 22726 | Orc:1    | Killed doot's ghost
 23095 | Orc:1    | Received a gift from Trog
 23218 | Orc:1    | Found a bloodstained altar of Trog.
 23488 | Orc:2    | Entered Level 2 of the Orcish Mines
 23515 | Orc:2    | Found Wonauceam's Armour Shoppe.
 23714 | Orc:2    | Found a staircase to the Elven Halls.
 23891 | Orc:2    | Found Wemut's Magic Scroll Boutique.
 23931 | Orc:2    | Reached skill level 15 in Armour
 23941 | Orc:1    | Slain by an orc knight

Skill      XL: |  1  2  3  4  5  6  7  8  9 10 11 12 13 14 15 |
---------------+----------------------------------------------+-----
Dodging        | 2 3 4 5 6 |  6.1
Maces & Flails | 4 5 7 9 12 14 16 | 16.0
Armour         | 3 6 9 12 13 15 | 15.0
Fighting       | 4 6 9 12 14 16 | 16.0
Shields        | 1 2 4 |  4.0

Action                   |  1- 3 |  4- 6 |  7- 9 | 10-12 | 13-15 || total
-------------------------+-------+-------+-------+-------+-------++-------
Melee: Mace              |   180 |    76 |       |       |       ||   256
       Morningstar       |       |   150 |   332 |   145 |   404 ||  1031
       Flail             |       |       |       |   742 |       ||   742
       Eveningstar       |       |       |       |    15 |   526 ||   541
Invok: Berserk           |       |     5 |     5 |    16 |     8 ||    34
       Trog's Hand       |       |       |       |     2 |     2 ||     4
       Brothers in Arms  |       |       |       |     2 |       ||     2
 Abil: Fly               |       |       |       |       |     1 ||     1
  Use: Scroll            |       |       |     6 |     3 |    12 ||    21
  Eat: Chunk             |     3 |    11 |    14 |    32 |    53 ||   113
       Ration            |       |       |     1 |     2 |     1 ||     4
Armor: Animal skin       |    55 |       |       |       |       ||    55
       Ring mail         |    66 |   130 |    10 |       |       ||   206
       Scale mail        |       |       |   136 |    15 |       ||   151
       Chain mail        |       |       |       |   447 |   415 ||   862
Dodge: Dodged            |   178 |   129 |   134 |   348 |   503 ||  1292
Block: Buckler           |       |     6 |    59 |   132 |   189 ||   386
